AoeStats
← 他并不是一个笨比

Arabia

510564309Analyzed
1v1 RM · 1d ago on Oct 1, 2026· 47m 14s· 2 players
Game mode
Random Map
Map size
Tiny (2 player)
Population
200
Speed
Normal
Resources
Standard
Victory
Conquest
Starting age
Dark Age
Ending age
Imperial Age
RankedLock teamsTeams togetherTeam positionsShared explorationLock speedFull tech treeHidden civsTurbo modeCheats
Victory
Defeat
🇧🇷 Malians · Brazil
1069
+15
1053
-15
他并不是一个笨比
4:24 Loom
12:53 Feudal Age
14:50 Double-Bit Axe
22:30 Castle Age
24:42 Scale Mail Armor
26:15 Horse Collar
26:39 Pikeman
30:07 Forging
32:36 Wheelbarrow
34:41 Bow Saw
37:09 Heavy Plow
38:03 Hand Cart
38:18 Bloodlines
38:09 Husbandry
43:16 Imperial Age
40:22 Light Cavalry
41:04 Gold Mining
41:06 Stone Mining
41:45 Scale Barding Armor
42:17 Iron Casting
43:31 Chain Barding Armor
43:34 Cavalier
44:58 Conscription
44:03 Halberdier
47:15 Chain Mail Armor
RickFrank
7:05 Loom
9:11 Feudal Age
9:20 Man-at-Arms
9:50 Arson
13:47 Town Watch
15:07 Fletching
19:31 Wheelbarrow
22:35 Castle Age
21:17 Scale Barding Armor
21:23 Forging
23:43 Bloodlines
24:31 Chain Barding Armor
24:07 Double-Bit Axe
25:56 Iron Casting
25:48 Double-Bit Axe
27:08 Husbandry
28:24 Bow Saw
31:26 Hand Cart
33:12 Gold Mining
33:45 Horse Collar
39:05 Imperial Age
37:59 Tigui
38:44 Gold Shaft Mining
39:08 Cavalier
39:49 Farimba
40:11 Conscription
40:50 Plate Barding Armor
41:27 Heavy Plow
43:08 Crop Rotation
44:15 Town Patrol
45:59 Heavy Camel Rider
Connection lost

Rejoining the realm…

Still unreachable

The connection could not be restored.

Session expired

The server has moved on; the page needs a fresh start.